 Dungeon Crawl Stone Soup version 0.30-a0-269-gf0224bf7b6 (webtiles) character file.

Game seed: 1594470900322822226

60 tilp the Poker (level 4, -2/35 HPs)
             Began as a Merfolk Gladiator on Oct 14, 2022.
             Killed by divine providence
             ... invoked by an orc priest
              (11 damage)
             ... on level 3 of the Dungeon.
             The game lasted 00:02:36 (1458 turns).

tilp the Poker (Merfolk Gladiator)                  Turns: 1458, Time: 00:02:37

Health: -2/35      AC:  6    Str: 14    XL:     4   Next: 4%
Magic:  4/4        EV: 12    Int:  7    God:
Gold:   77         SH:  0    Dex: 17    Spells: 3/3 levels left

rFire   . . .      SeeInvis .    a - +0 trident
rCold   . . .      Faith    .    (no shield)
rNeg    . . .      Spirit   .    n - +0 ring mail
rPois   .          Reflect  .    l - +0 helmet
rElec   .          Harm     .    (no cloak)
rCorr   .          Rampage  .    (no gloves)
Will    .....                    (no boots)
Stlth   +.........               (no amulet)
HPRegen 0.25/turn                (no ring)
MPRegen 0.09/turn                (no ring)

@: no status effects
A: (nimble swimmer 2), mertail
a: no special abilities


You were on level 3 of the Dungeon.
You visited 1 branch of the dungeon, and saw 3 of its levels.

You collected 77 gold pieces.

Inventory:

Hand Weapons
 a - a +0 trident (weapon)
Missiles
 d - 3 throwing nets (quivered)
 e - a javelin
 g - 4 stones
 m - 4 boomerangs of dispersal
 o - 5 poisoned darts
Armour
 l - a +0 helmet (worn)
 n - a +0 ring mail (worn)
Wands
 c - a wand of flame (23)
Scrolls
 h - a scroll of blinking {unknown}
 i - a scroll of immolation {unknown}
 j - a scroll of noise {unknown}
Potions
 f - a potion of lignification
 k - 2 potions of heal wounds
 p - a potion of mutation
 q - a potion of attraction {unknown}


   Skills:
 + Level 3.1 Fighting
 * Level 5.7 Polearms
 - Level 2.0 Throwing
 - Level 4.0 Dodging


You had 3 spell levels left.
You didn't know any spells.
Your spell library contained the following spells:

 Spells                   Type           Power      Damage    Failure   Level
 Sublimation of Blood     Necr           0%         N/A       82%         2
 Wereblood                Tmut           0%         N/A       82%         2
 Ignite Poison            Fire/Tmut/Pois 0%         N/A       96%         3
 Kindle Blastsparks       Fire/Tloc/Air  0%         2d10      96%         3
 Ozocubu's Armour         Ice            0%         N/A       96%         3
 Freezing Cloud           Conj/Ice/Air   0%         6-21      100%        5
 Ozocubu's Refrigeration  Ice            0%         4d7       100%        7
 Summon Hydra             Summ           0%         N/A       100%        7


Dungeon Overview and Level Annotations

Branches:
Dungeon (3/15)

Altars:

Shops:
D:1 [


Innate Abilities, Weirdness & Mutations

((You are very nimble when in or above water. (Stealth+, EV+, Speed+++)))
Your lower body shifts to a powerful aquatic tail in water.


Message History

Found a scroll labelled PEFEIPROHE and 15 gold pieces.
There is a stone staircase leading up here. 2 orcs come into view.
The orc shouts! x2
An orc comes into view. It is wielding a +0 war axe.
There are monsters nearby!
The orc shouts!
You hear a shout! x2
You reach to attack!
You closely miss the orc. You hit the orc.
The orc is heavily wounded.
The orc hits you but does no damage.
You barely miss the orc.
The orc is heavily wounded.
The orc hits you with a +0 hand axe.
You hit the orc.
You kill the orc!
You closely miss the orc. The orc hits you with a +0 war axe!
You hit the orc.
You kill the orc!
You have reached level 4!
You barely miss the orc. The orc barely misses you.
An orc comes into view. It is wielding a +0 hand axe.
You puncture the orc!
You kill the orc!
You reach to attack!
You closely miss the orc.
An orc priest comes into view. It is wielding a +0 flail.
You completely miss the orc. The orc barely misses you.
You hit the orc.
The orc is moderately wounded.
The orc hits you but does no damage.
The orc priest mumbles some strange prayers to Beogh against you.
Beogh smites you!
* * * LOW HITPOINT WARNING * * *
You are too injured to fight recklessly!
Unknown command.
You hit the orc.
The orc is almost dead.
The orc priest calls down the wrath of Beogh upon you.
Beogh smites you!
You die...

#.# #.# #.## # ...
##.#####.#
...o.....#
...o.o..?##
##.######...######
.......@oo<.......
##.######...#####.
#....# ##.#.#
###.# .# .#


You could see an orc priest and an orc.

Vanquished Creatures
  An adder (D:2)
  A worm (D:2)
  A dart slug (D:2)
  3 orcs (D:3)
  6 ball pythons
  2 bats (D:2)
  3 endoplasms (D:2)
  2 giant cockroaches (D:1)
  4 goblins
  4 hobgoblins
  4 jackals (D:1)
  A quokka (D:1)
  2 frilled lizards (D:1)
  2 kobolds
  2 rats (D:2)
38 creatures vanquished.

Notes
Turn   | Place    | Note
-------+----------+-------------------------------------------
     0 | D:1      | tilp the Merfolk Gladiator began the quest for the Orb.
     0 | D:1      | Reached XP level 1. HP: 16/16 MP: 1/1
    95 | D:1      | Found Domues's Armour Shop.
   123 | D:1      | Reached XP level 2. HP: 23/23 MP: 2/2
   295 | D:1      | Reached skill level 5 in Polearms
   547 | D:2      | Reached XP level 3. HP: 27/28 MP: 3/3
  1453 | D:3      | Reached XP level 4. HP: 22/35 MP: 4/4
  1458 | D:3      | Killed from afar by an orc priest

Illustrated notes

Levels and vault maps discovered:
D:1:      giann_forest_graveyard, layout_basic, serial_shops,
          nicolae_shop_hallway_stairs
D:2:      layout_basic
D:3:      kennysheep_six_static_rooms, layout_loops_ring, trog_wizard,
          hellmonk_ecumenical_altar_pennies_from_heaven,
          gammafunk_ghost_necromancy, uniq_robin

Skill      XL: |  1  2  3 |
---------------+----------+-----
Polearms       | 5 |  5.7
Fighting       | 3 |  3.1
Throwing       | |  2.0
Dodging        | |  4.0

Action                   |  1- 3 |  4- 6 || total
-------------------------+-------+-------++-------
Melee: Trident           |   141 |     6 ||   147
  Use: Scroll            |     3 |       ||     3
 Stab: Sleeping          |     1 |       ||     1
Armor: Leather armour    |    28 |       ||    28
       Ring mail         |     1 |     1 ||     2
Dodge: Dodged            |    79 |     2 ||    81

Table legend: (Time is in decaauts)
 A = Elapsed time spent in this place.
 B = Non-inter-level travel time spent in this place.
 C = Inter-level travel time spent in this place.
 D = Time resting spent in this place.
 E = Time spent auto-exploring this place.
 F = Levels seen in this place.
 G = Mean time per level.
                   A        B        C        D        E       F      G
               +--------+--------+--------+--------+--------+-----+--------+
         Total |   1464 |   1398 |     66 |      0 |   1091 |   3 |  488.0 |
       Dungeon |   1464 |   1398 |     66 |      0 |   1091 |   3 |  488.0 |
               +--------+--------+--------+--------+--------+-----+--------+

Top non-repeatable levels by time:
     D:2: 957 daAuts
     D:1: 491 daAuts
     D:3: 16 daAuts
